 Dungeon Crawl Stone Soup version 0.31-a0-981-geadf994542 (webtiles) character file.

Game seed: 7707222734217635185

42 Arex the Shooter (level 3, 0/31 HPs)
             Began as a Hill Orc Hunter on Nov 1, 2023.
             Slain by an endoplasm (2 damage)
             ... on level 2 of the Dungeon.
             The game lasted 00:01:20 (1098 turns).

Arex the Shooter (Hill Orc Hunter)                  Turns: 1098, Time: 00:01:21

Health: 0/31       AC:  3    Str: 17    XL:     3   Next: 56%
Magic:  3/3        EV: 12    Int:  8    God:
Gold:   62         SH:  0    Dex: 15    Spells: 2/2 levels left

rFire   . . .        a - +0 shortbow
rCold   . . .        (shield currently unavailable)
rNeg    . . .        c - +0 leather armour
rPois   .            (no helmet)
rElec   .            (no cloak)
rCorr   .            (no gloves)
SInv    .            (no boots)
Will    .....        (no amulet)
Stlth   ++           (no ring)
HPRegen 0.25/turn    (no ring)
MPRegen 0.08/turn

%: no passive effects
@: slowed, very slow
A: strong 1
a: no special abilities


You were on level 2 of the Dungeon.
You visited 1 branch of the dungeon, and saw 2 of its levels.

You collected 62 gold pieces.

Inventory:

Hand Weapons
 a - a +0 shortbow (weapon)
Armour
 c - a +0 leather armour (worn)
Scrolls
 b - a scroll of butterflies
 d - a scroll of fog {unknown}
 e - a scroll of amnesia
 f - a scroll of poison {unknown}
 g - a scroll of teleportation {unknown}
 h - 2 scrolls of enchant weapon {unknown}
Potions
 k - a potion of berserk rage {unknown}


   Skills:
 + Level 3.1 Fighting
 + Level 3.9 Ranged Weapons
 + Level 2.0 Dodging
 + Level 1.5 Stealth


You had 2 spell levels left.
You didn't know any spells.
Your spell library contained the following spells:

 Spells                   Type           Power      Damage    Failure   Level
 Sting                    Tmut/Pois      0%         1d3       47%         1
 Poisonous Vapours        Pois/Air       0%         N/A       63%         2
 Olgreb's Toxic Radiance  Pois           0%         N/A       99%         4


Dungeon Overview and Level Annotations

Branches:
Dungeon (2/15)

Altars:


Innate Abilities, Weirdness & Mutations

Your muscles are strong. (Str +4, Int/Dex -1)


Message History

Natasha casts a spell at you.
You feel yourself slow down.
An endoplasm comes into view.
You shoot an arrow. The arrow misses the cerulean imp.
The endoplasm quivers.
The arrow hits Natasha.
Natasha is lightly wounded.
The cerulean imp barely misses you.
You shoot an arrow.
The arrow barely misses the cerulean imp.
The arrow hits Natasha but does no damage.
Natasha is lightly wounded.
The cerulean imp hits you from afar with a +0 spear. x2
You shoot an arrow.
The arrow hits Natasha but does no damage.
Natasha is lightly wounded.
Natasha casts a spell at you. The magic dart hits you!
The cerulean imp misses you. Natasha claws you! The cerulean imp misses you.
You shoot an arrow. The arrow hits Natasha.
Natasha is moderately wounded.
Natasha claws you.
* * * LOW HITPOINT WARNING * * *
The cerulean imp completely misses you. Natasha claws you.
* * * LOW HITPOINT WARNING * * *
The cerulean imp barely misses you.
Unknown command.
You shoot an arrow. The arrow hits Natasha!
Natasha is almost dead.
Natasha misses you.
The cerulean imp hits you but does no damage.
Natasha closely misses you.
The cerulean imp hits you from afar with a +0 spear.
* * * LOW HITPOINT WARNING * * *
You shoot an arrow. The arrow hits Natasha.
You kill Natasha!
Natasha growls in agony!
The cerulean imp disappears in a puff of smoke!
The endoplasm hits you.
You die...

#.# #.#
###.##.###..
#.# #.#
.........
#.# #[#
.....###..
#.###.#
.##... ##.
#.....#
.##... #.
#####.# #..
.... .. #.#
.. ...
#.##.###.#
....
#.@J§.....
.....
#.##.##...
#..... #...
.. ##.## #.#
#.# # ...
#.# #.#


You could see an endoplasm.

Vanquished Creatures
  Natasha (D:2)
  An adder (D:2)
  2 worms (D:2)
  3 ball pythons
  An endoplasm (D:1)
  A giant cockroach (D:2)
  5 goblins
  3 hobgoblins
  4 kobolds
  A bat (D:2)
  A frilled lizard (D:1)
  6 rats
29 creatures vanquished.

Notes
Turn   | Place    | Note
-------+----------+-------------------------------------------
     0 | D:1      | Arex the Hill Orc Hunter began the quest for the Orb.
     0 | D:1      | Reached XP level 1. HP: 18/18 MP: 1/1
    47 | D:1      | Reached skill level 1 in Stealth
    72 | D:1      | Reached XP level 2. HP: 23/25 MP: 2/2
   829 | D:2      | Reached XP level 3. HP: 30/30 MP: 3/3
   966 | D:2      | Gained mutation: Your muscles are strong. (Str +4, Int/Dex
                  | -1) [potion of mutation]
  1090 | D:2      | Noticed Natasha
  1098 | D:2      | Killed Natasha
  1098 | D:2      | Slain by an endoplasm

Illustrated notes

Levels and vault maps discovered:
D:1:      onia_arrival_mini_spirals, layout_basic
D:2:      layout_basic, uniq_natasha

Skill      XL: |  1  2  3 |
---------------+----------+-----
Stealth        | 1 |  1.5
Dodging        | 2 |  2.0
Fighting       | 3 |  3.1
Ranged Weapons | |  3.9

Action                     || total
---------------------------++-------
   Fire: Shortbow          ||   105
    Use: Scroll            ||     1
         Potion            ||     2
 Armour: Leather armour    ||    29
  Dodge: Dodged            ||    25

Table legend: (Time is in decaauts)
 A = Elapsed time spent in this place.
 B = Non-inter-level travel time spent in this place.
 C = Inter-level travel time spent in this place.
 D = Time resting spent in this place.
 E = Time spent auto-exploring this place.
 F = Levels seen in this place.
 G = Mean time per level.
                   A        B        C        D        E       F      G
               +--------+--------+--------+--------+--------+-----+--------+
         Total |   1126 |   1113 |     13 |     74 |    850 |   2 |  563.0 |
       Dungeon |   1126 |   1113 |     13 |     74 |    850 |   2 |  563.0 |
               +--------+--------+--------+--------+--------+-----+--------+

Top non-repeatable levels by time:
     D:1: 583 daAuts
     D:2: 543 daAuts
